 Dungeon Crawl Stone Soup version 0.17.0-9-g801d43b (console) character file.

4454 Kloppie the Blocker (level 10, -2/82 HPs)
             Began as a Formicid Fighter on Nov 10, 2015.
             Was a Believer of Makhleb.
             Slain by a killer bee (6 damage)
             ... on level 8 of the Dungeon.
             The game lasted 00:21:51 (8932 turns).

Kloppie the Blocker (Formicid Fighter)              Turns: 8932, Time: 00:21:51

Health: -2/82      AC:  9    Str: 21    XL:     10   Next: 63%
Magic:  10/10      EV:  4    Int:  9    God:    Makhleb [**....]
Gold:   405        SH: 12    Dex: 12    Spells: 0 memorised, 9 levels left

rFire  . . .     SeeInvis +     M - +1 battleaxe
rCold  . . .     Clarity  .     b - +0 scale mail
rNeg   . . .     SustAt   .     c - +0 shield
rPois  .         Gourm    .     (helmet unavailable)
rElec  .         Spirit   .     (no cloak)
rCorr  .         Warding  .     i - +0 pair of gloves
rMut   .         Stasis   +     (no boots)
MR     +....                    (no amulet)
Stlth  ..........               (no ring)
                                (no ring)

@: lethally poisoned (-2 -> -16), somewhat resistant to hostile enchantments,
extremely unstealthy
A: permanent stasis, dig shafts and tunnels, four strong arms, antennae 3
a: Dig, Shaft Self, Minor Destruction, Renounce Religion


You were on level 8 of the Dungeon.
You worshipped Makhleb.
Makhleb was pleased with you.
You were not hungry.

You visited 1 branch of the dungeon, and saw 8 of its levels.
You also visited: Sewer.

You collected 513 gold pieces.
You spent 108 gold pieces at shops.

Inventory:

Hand Weapons
 a - a +0 war axe
 M - a +1 battleaxe (weapon)
Missiles
 B - 21 poisoned needles
 I - 7 javelins (quivered)
Armour
 b - a +0 scale mail (worn)
 c - a +0 shield (worn)
 i - a +0 pair of gloves (worn)
 J - a +0 plate armour
Wands
 s - a wand of hasting (7)
 y - a wand of fire (0)
 E - a wand of random effects (25)
 G - a wand of lightning (0)
Scrolls
 f - 2 scrolls of magic mapping
 g - 2 scrolls of random uselessness {unknown}
 k - a scroll of teleportation
 u - 2 scrolls of blinking
 v - a scroll of recharging
 x - 2 scrolls of remove curse
 z - 4 scrolls of amnesia
 D - 3 scrolls of identify
 K - a scroll of immolation {unknown}
Potions
 d - 3 potions of might
 h - 4 potions of flight
 j - 2 potions of resistance
 l - 2 potions of brilliance
 m - 2 potions of agility
 n - a potion of ambrosia
 o - 5 potions of curing
 p - 2 potions of heal wounds {unknown}
 q - a potion of lignification {unknown}
 r - a potion of berserk rage {unknown}
 t - a potion of haste {unknown}
 w - a potion of magic {unknown}
 N - a potion of degeneration {unknown}
Books
 O - a book of Geomancy

   Spells                             Type                      Level
   a - Sandblast                      Earth                        1
   b - Stoneskin                      Transmutation/Earth          2
   c - Passwall                       Transmutation/Earth          3
   d - Stone Arrow                    Conjuration/Earth            3
   e - Petrify                        Transmutation/Earth          4
   f - Lee's Rapid Deconstruction     Earth                        5
Comestibles
 e - 4 bread rations
 A - a meat ration
 C - 3 fruits
 F - 3 slices of pizza
 H - a beef jerky
 L - 12 chunks of flesh


   Skills:
 - Level 8.8 Fighting
 - Level 7.7 Axes
 + Level 8.8 Armour
 - Level 9.5 Shields
 + Level 0.5 Invocations


You had 9 spell levels left.
You didn't know any spells.

Dungeon Overview and Level Annotations

Branches:
Dungeon (8/15)             Temple (0/1) D:7            Lair (0/8) D:8

Altars:
Elyvilon
Gozag
Makhleb
Okawaru
Ru
Sif Muna
Xom
Yredelemnul

Shops:
D:4 *

Annotations:
D:6 1 exclusion
D:7 Prince Ribbit
D:8 ldierk's ghost, novice MfIE


Innate Abilities, Weirdness & Mutations

You are under a permanent stasis effect.
You can dig through walls and to a lower floor.
Your four strong arms can wield two-handed weapons with a shield.
You have a pair of large antennae on your head (SInv).


Message History

You are poisoned.
The killer bee poisons you! The komodo dragon bites you!!
* * * LOW HITPOINT WARNING * * *
You block the killer bee's attack. The komodo dragon barely misses you.
You block the killer bee's attack.
The death yak bellows!
You hear a bellow!
There is a stone staircase leading up, spattered with blood here.
You feel sick. You block the killer bee's attack.
You block the killer bee's attack. The killer bee stings you.
* * * LOW HITPOINT WARNING * * *
The killer bee stings you.
* * * LOW HITPOINT WARNING * * *
You are more poisoned.
The killer bee poisons you! The killer bee stings you.
* * * LOW HITPOINT WARNING * * *
You are more poisoned.
The killer bee poisons you! The komodo dragon bites you!
* * * LOW HITPOINT WARNING * * *
The killer bee stings you.
You die...

....y.....
#....# ...y...?
#.#### ........
#...#
..Y....###+#
###.#
.YY#...##.## #.#
#J#W......#
###.# .yy#.##..#
#...#
#.#y#yS#..#
#.###
#..y@l....###'##
#.####.#.#.....#
#....#.#.....##
#......'......#
####.#.#......#
.....##+###.#
###.#.# +# #...#
. ..#


You could see a death yak, a slime creature, a komodo dragon, 2 yaks, 5 killer
bees, ldierk's ghost and an adder.

Vanquished Creatures
  Pikel (D:7)
  2 slime creatures (D:7)
  Sigmund (D:4)
  A yak (D:7)
  A slave (D:7)
  An ice beast (D:6)
  2 orc warriors (D:6)
  2 black bears
  A necrophage (D:6)
  3 ogres
  5 centaurs
  4 big kobolds (Sewer)
  A crocodile (D:8)
  4 giant frogs (D:6)
  A wyvern zombie (D:7)
  A scorpion (D:8)
  5 wights (D:7)
  2 crimson imps
  2 hounds
  3 orc priests
  6 orc wizards
  A gnoll shaman (D:4)
  Jessica (D:2)
  3 giant frog skeletons
  3 iguanas
  2 hell rats (D:7)
  6 worker ants
  A killer bee zombie (D:5)
  A hound zombie (D:5)
  2 hound skeletons
  Robin (D:3)
  12 gnolls
  12 adders
  9 river rats
  An ooze (Sewer)
  5 worms
  14 giant geckos
  20 orcs
  4 ball pythons
  3 bats
  15 goblins
  6 hobgoblins
  4 jackals (D:2)
  2 quokkas
  4 giant cockroaches
  6 giant newts
  6 kobolds
  A quokka skeleton (D:8)
  28 rats
  A butterfly (D:6)
223 creatures vanquished.

Vanquished Creatures (others)
  3 slaves (D:7)
3 creatures vanquished.

Grand Total: 226 creatures vanquished

Notes
Turn   | Place    | Note
--------------------------------------------------------------
     0 | D:1      | Kloppie the Formicid Fighter began the quest for the Orb.
     0 | D:1      | Reached XP level 1. HP: 18/18 MP: 1/1
   173 | D:1      | Reached XP level 2. HP: 13/24 MP: 2/2
   892 | D:2      | Reached XP level 3. HP: 24/29 MP: 3/3
   994 | D:2      | Noticed Jessica
  1000 | D:2      | Killed Jessica
  1000 | D:2      | Reached skill level 4 in Fighting
  1000 | D:2      | Reached XP level 4. HP: 34/37 MP: 4/4
  1534 | D:3      | Noticed Robin
  1556 | D:3      | Killed Robin
  1556 | D:3      | Reached XP level 5. HP: 30/42 MP: 5/5
  2034 | D:3      | Reached XP level 6. HP: 43/49 MP: 6/6
  2035 | D:3      | Found a glowing drain.
  2047 | Sewer    | Entered a sewer
  2143 | Sewer    | Reached skill level 5 in Shields
  2263 | Sewer    | Reached skill level 5 in Armour
  2263 | Sewer    | Reached XP level 7. HP: 39/55 MP: 7/7
  2275 | Sewer    | Reached skill level 5 in Fighting
  2437 | D:3      | Found a deep blue altar of Sif Muna.
  2437 | D:3      | Found an opulent altar of Gozag.
  3117 | D:4      | Found a white marble altar of Elyvilon.
  3681 | D:4      | Noticed Sigmund
  3684 | D:4      | Killed Sigmund
  3684 | D:4      | Reached skill level 6 in Shields
  3684 | D:4      | Reached XP level 8. HP: 57/64 MP: 8/8
  3804 | D:4      | Reached skill level 5 in Axes
  3825 | D:4      | Found Ezummiq's Serpentskin Sales.
  3855 | D:4      | Bought 7 poisoned needles for 36 gold pieces
  3855 | D:4      | Bought 14 poisoned needles for 72 gold pieces
  4283 | D:5      | Entered Level 5 of the Dungeon
  4615 | D:5      | Reached skill level 7 in Shields
  5114 | D:6      | Reached XP level 9. HP: 71/71 MP: 9/9
  5865 | D:6      | Reached skill level 8 in Shields
  5886 | D:6      | Found a shimmering altar of Xom.
  6222 | D:6      | Found a burning altar of Makhleb.
  6238 | D:6      | Became a worshipper of Makhleb the Destroyer
  6346 | D:7      | Found a sacrificial altar of Ru.
  6351 | D:7      | Found a basalt altar of Yredelemnul.
  6356 | D:7      | Found an iron altar of Okawaru.
  6637 | D:7      | Reached XP level 10. HP: 67/80 MP: 10/10
  6881 | D:7      | Noticed Pikel
  6916 | D:7      | Killed Pikel
  6916 | D:7      | Reached skill level 9 in Shields
  6964 | D:7      | Noticed Prince Ribbit
  7080 | D:7      | Found a staircase to the Ecumenical Temple.
  7207 | D:7      | Reached * piety under Makhleb
  8037 | D:8      | Found a staircase to the Lair.
  8044 | D:8      | Noticed ldierk's ghost (novice MfIE)
  8363 | D:8      | Noticed a death yak
  8376 | D:7      | Reached ** piety under Makhleb
  8932 | D:8      | HP: 4/82 [komodo dragon (15)]
  8932 | D:8      | Slain by a killer bee

Action                   |  1- 3 |  4- 6 |  7- 9 | 10-12 || total
-------------------------+-------+-------+-------+-------++-------
Melee: War axe           |    94 |   177 |   460 |    24 ||   755
       Battleaxe         |       |       |       |   194 ||   194
Throw: Javelin           |       |       |    27 |       ||    27
 Abil: Dig               |       |       |     3 |     1 ||     4
Evoke: Wand              |       |       |     9 |       ||     9
  Use: Potion            |       |     1 |     2 |     2 ||     5
       Scroll            |       |       |    12 |       ||    12
  Eat: Chunk             |       |     4 |     8 |     7 ||    19
       Beef jerky        |       |     1 |       |     1 ||     2
       Pizza             |       |       |     1 |       ||     1
       Meat ration       |       |       |     1 |       ||     1
